 Dungeon Crawl Stone Soup version 0.32-a0-791-gfc315c9ecd (webtiles) character file.

Game seed: 6311229744931263573

3276 zenocrate the Covert (level 10, 0/68 HPs)
             Began as an Octopode Earth Elementalist on Mar 20, 2024.
             Was an Initiate of Gozag.
             Slain by a centaur
             ... wielding a +0 club
              (9 damage)
             ... on level 8 of the Dungeon.
             The game lasted 00:10:16 (8229 turns).

zenocrate the Covert (Octopode Earth Elementalist)  Turns: 8229, Time: 00:10:16

Health: 0/68       AC:  5    Str: 11    XL:     10   Next: 0%
Magic:  3/13       EV: 15    Int: 23    God:    Gozag
Gold:   427        SH:  0    Dex: 14    Spells: 8/13 levels left

rFire   . .          .
                       - Unarmed
rCold   . . .        (no shield)
rNeg    . . .        y - +0 hat
rPois   .            (no amulet)
rElec   .            b - ring of wizardry
rCorr   .            g - +6 ring of intelligence
SInv    .            x - +4 ring of protection
Will    .....        (no ring)
Stlth   +++++        (no ring)
HPRegen 0.31/turn    (no ring)
MPRegen 0.13/turn    (no ring)
                     (no ring)

%: wizardry (x1)
@: gold aura
A: almost no armour, amphibious, 8 rings, camouflage 1, gelatinous body 1,
(nimble swimmer 1), tentacles
a: Renounce Religion, Potion Petition, Call Merchant, Bribe Branch


You were on level 8 of the Dungeon.
You worshipped Gozag.
Gozag was aware of your devotion.
You visited 2 branches of the dungeon, and saw 9 of its levels.

You collected 507 gold pieces.
You paid 80 gold pieces to Gozag.

Inventory:

Hand Weapons
 a - a +1 short sword of electrocution
 j - a +0 heavy rapier
Armour
 e - a +0 kite shield
 y - a +0 hat (worn)
 z - a +0 buckler
Magical Staves
 w - a staff of fire
Jewellery
 b - a ring of wizardry (left tentacle)
 g - a +6 ring of intelligence (right tentacle)
 x - a +4 ring of protection (on tentacle)
Talismans
 l - a blade talisman
 s - a talisman of death
Wands
 u - a wand of roots (1)
Scrolls
 d - a scroll of enchant weapon {unknown}
 h - 4 scrolls of teleportation
 k - 3 scrolls of poison
 n - 2 scrolls of amnesia {unknown}
 o - a scroll of vulnerability {unknown}
Potions
 c - a potion of cancellation
 f - 2 potions of magic
 i - a potion of brilliance
 m - a potion of berserk rage
 p - 3 potions of resistance
 q - a potion of mutation
 r - a potion of enlightenment
 t - a potion of curing {unknown}
 v - a potion of degeneration {unknown}


   Skills:
 + Level 5.9 Fighting
 + Level 7.0 Dodging
 + Level 8.2 Stealth
 * Level 5.8 Unarmed Combat
 - Level 2.0 Spellcasting
 - Level 1.0 Conjurations
 - Level 3.0 Earth Magic
 + Level 4.2 Evocations
 + Level 4.2 Shapeshifting


You had 8 spell levels left.
You knew the following spells:

 Your Spells              Type           Power      Damage    Failure   Level
a - Stone Arrow           Conj/Erth      22%        3d8       7%          3
b - Sandblast             Erth           32%        2d9       1%          1
m - Apportation           Tloc           4%         N/A       5%          1

Your spell library contained the following spells:

 Spells                   Type           Power      Damage    Failure   Level
 Sting                    Conj/Alch      16%        1d4       4%          1
 Passwall                 Erth           16%        N/A       4%          3
 Necrotise                Necr           8%         1d4       5%          1
 Summon Small Mammal      Summ           8%         N/A       5%          1
 Brom's Barrelling Bould  Conj/Erth      11%        2d3       22%         4
 Petrify                  Alch/Erth      9%         N/A       26%         4
 Lehudib's Crystal Spear  Conj/Erth      5%         10d3      100%        8
 Animate Armour           Summ/Erth      Unusable   N/A       N/A         4

Dungeon Overview and Level Annotations

Branches:
Dungeon (8/15)             Temple (1/1) D:6            Lair (0/5) D:8

Altars:
Ashenzari
Cheibriados
Dithmenos
Elyvilon
Fedhas
Gozag
Hepliaklqana
Kikubaaqudgha
Makhleb
Nemelex Xobeh
Okawaru
Qazlal
Ru
Sif Muna
Trog
Uskayaw
Vehumet
Wu Jian
Xom
Yredelemnul
Zin
The Shining One

Shops:
D:1 (

Annotations:
D:5 digging


Innate Abilities, Weirdness & Mutations

You cannot wear most types of armour.
You are amphibious.
You can wear up to eight rings at the same time.
Your skin changes colour to match your surroundings (Stealth+).
Your rubbery body absorbs attacks. (AC +1, EV +1)
((You are camouflaged when in or above water. (Stealth+)))
You have tentacles for arms and can constrict up to eight enemies at once.


Message History

The centaur is moderately wounded.
You hear a bark!
The centaur hits you with a +0 club! The centaur closely misses you.
You hear a bark!
Unknown command.
You tentacle-slap the centaur.
The centaur is moderately wounded.
The centaur hits you with a +0 club. The centaur closely misses you.
The centaur hits you with a +0 club. The centaur barely misses you.
Unknown command.
You tentacle-slap the centaur.
The centaur is moderately wounded.
The centaur hits you with a +0 club!
* * * LOW HITPOINT WARNING * * *
The centaur barely misses you.
Unknown command.
Unknown command.
Unknown command.
Okay, then.
Okay, then.
You tentacle-slap the centaur. Your squeeze misses the centaur.
The centaur is heavily wounded.
The centaur hits you with a +0 club.
* * * LOW HITPOINT WARNING * * *
The centaur kicks you but does no damage.
Unknown command.
Unknown command.
Unknown command.
Casting: Stone Arrow (dangerous; 7% risk of failure)
Confirm with . or Enter, or press ? or * to list all spells.
Aiming: Stone Arrow (dangerous; 7% risk of failure)
Press: ? - help, Shift-Dir - straight line, f - centaur
Aim: a centaur, wielding a +0 club and wearing a +0 robe (heavily wounded, 81% to hit)
The stone arrow hits the centaur.
The centaur is almost dead.
The centaur misses you. The centaur kicks you.
* * * LOW HITPOINT WARNING * * *
The centaur hits you with a +0 club!
You die...
Your body crumbles into a pile of gold.

...#### ##..........
......###..##.......
#....##.###.......
####...##$# ##......
. #.. #.$.$[#
#...... ...
#..##..$.$## ##.....
....#''#.$...$.#
#.....
#........##...#
###..
#....@.####...#
..'...c$.'..##..#
..'......'?.# ...#
###.....g#### .#...
#........ .....
....#''#... ..
...##..##.. #.. #..
...


You could see a gnoll sergeant and a centaur.

Vanquished Creatures
  Pikel (D:7)
  A gargoyle (D:7)
  A hornet (D:6)
  5 water moccasins
  2 ice beasts
  An ogre (D:4)
  4 wolves
  A phantom (D:5)
  A lemure (D:7)
  A gnoll sergeant (D:8)
  3 scorpions
  2 bombardier beetles (D:4)
  2 jellies
  3 hounds
  A gnoll bouda (D:8)
  5 orc priests
  An orc wizard (D:5)
  2 sleepcaps (D:7)
  2 iguanas (D:5)
  14 gnolls
  6 adders
  2 shadow imps
  2 ribbon worms
  2 dart slugs
  19 orcs
  9 ball pythons
  6 bats
  8 endoplasms
  4 giant cockroaches
  10 hobgoblins
  19 jackals
  3 quokkas
  8 frilled lizards
  6 goblins
  8 kobolds
  8 rats
173 creatures vanquished.

Notes
Turn   | Place    | Note
-------+----------+-------------------------------------------
     0 | D:1      | zenocrate the Octopode Earth Elementalist began the quest
                  | for the Orb.
     0 | D:1      | Reached XP level 1. HP: 11/11 MP: 3/3
   168 | D:1      | Reached skill level 3 in Stealth
   168 | D:1      | Reached XP level 2. HP: 18/18 MP: 3/5
   305 | D:1      | Learned a level 1 spell: Apportation
   371 | D:1      | Found Bonigoih's Weapon Boutique.
   564 | D:1      | Reached skill level 1 in Fighting
   755 | D:1      | Reached skill level 1 in Unarmed Combat
   799 | D:1      | Reached XP level 3. HP: 23/23 MP: 6/6
  1548 | D:2      | Reached XP level 4. HP: 29/29 MP: 7/7
  1730 | D:2      | Found a faded altar of an unknown god.
  1834 | D:2      | Learned a level 3 spell: Stone Arrow
  2106 | D:3      | Reached XP level 5. HP: 33/35 MP: 8/8
  2120 | D:3      | Found a hazy altar of Hepliaklqana.
  2124 | D:3      | Reached skill level 4 in Stealth
  2184 | D:3      | Found a shimmering altar of Xom.
  2704 | D:4      | HP: 1/36 [burnt (4)]
  2809 | D:4      | Reached skill level 1 in Shapeshifting
  2809 | D:4      | Reached XP level 6. HP: 33/42 MP: 1/9
  3536 | D:4      | Reached skill level 5 in Stealth
  3536 | D:4      | Reached XP level 7. HP: 36/47 MP: 0/10
  3762 | D:4      | Found a sparkling altar of Nemelex Xobeh.
  3763 | D:4      | Found a white marble altar of Elyvilon.
  3768 | D:4      | Found a shimmering blue altar of Sif Muna.
  3769 | D:4      | Found an ancient bone altar of Kikubaaqudgha.
  3773 | D:4      | Found a blossoming altar of Fedhas.
  3775 | D:4      | Found a broken altar of Ashenzari.
  3778 | D:4      | Found a shadowy altar of Dithmenos.
  3780 | D:4      | Found a snail-covered altar of Cheibriados.
  3919 | D:5      | Entered Level 5 of the Dungeon
  4705 | D:5      | Reached XP level 8. HP: 39/54 MP: 7/11
  4731 | D:5      | Reached skill level 6 in Stealth
  4731 | D:5      | Reached skill level 1 in Evocations
  4795 | D:5      | Reached skill level 5 in Dodging
  5548 | D:6      | Found a staircase to the Ecumenical Temple.
  5575 | D:6      | Noticed a hornet
  5585 | D:6      | Paralysed by a hornet for 2 turns
  5587 | D:6      | Killed a hornet
  6103 | Temple   | Entered the Ecumenical Temple
  6123 | Temple   | Became a worshipper of Gozag Ym Sagoz the Greedy
  6257 | D:7      | Noticed Pikel
  6292 | D:7      | Killed Pikel
  6293 | D:7      | Reached skill level 5 in Fighting
  6293 | D:7      | Reached skill level 7 in Stealth
  6293 | D:7      | Reached XP level 9. HP: 31/61 MP: 2/12
  6804 | D:7      | HP: 3/61 [poisoned by a water moccasin]
  7079 | D:7      | Noticed a gargoyle
  7403 | D:7      | Killed a gargoyle
  7404 | D:7      | Reached skill level 5 in Unarmed Combat
  7767 | D:8      | Found a staircase to the Lair.
  7896 | D:8      | Reached skill level 8 in Stealth
  8216 | D:8      | Reached XP level 10. HP: 61/68 MP: 4/13
  8229 | D:8      | Slain by a centaur

Illustrated notes

Levels and vault maps discovered:
D:1:      denvon_arrival_waterhouse, layout_loops_corners, serial_shops, shop,
          amethyst_killhole
D:2:      minmay_spotlight, layout_basic, ebering_ecumenical_altar_sacrificial,
          grunt_decor_junction
D:3:      layout_loops_ring, lemuel_round_altar, xom_teletrap_fun
D:4:      layout_cave_pools, nicolae_overflow_hallway_of_the_gods
D:5:      layout_rooms, serial_glass, glass_columns_a, glass_columns_b,
          due_unseen_surprise, feat_on_display, minmay_strange_pillars,
          minmay_strange_pillars, kennysheep_pointless_box, chequers_arboretum
D:6:      layout_gridville, minmay_temple_entry_stoned_glass
D:7:      layout_cave_pods, nicolae_letterblocks [nicolae_letter_subblock,
          nicolae_letter_subblock, nicolae_letter_subblock,
          nicolae_letter_subblock, nicolae_letter_subblock,
          nicolae_letter_subblock, nicolae_letter_subblock,
          nicolae_letter_subblock, nicolae_letter_subblock,
          nicolae_letter_subblock, nicolae_letter_subblock,
          nicolae_letter_subblock, nicolae_letter_subblock,
          nicolae_letter_subblock, nicolae_letter_subblock,
          nicolae_letter_subblock, nicolae_letter_subblock,
          nicolae_letter_subblock, nicolae_letter_subblock,
          nicolae_letter_subblock, nicolae_letter_subblock,
          nicolae_letter_subblock, nicolae_letter_subblock,
          nicolae_letter_subblock, nicolae_letter_subblock], uniq_pikel
D:8:      layout_cave_pods, erik_lair_island, serial_gnoll_camp,
          gnoll_camp_mini_loothouse, gnoll_camp_huts_basic, gnoll_camp_mini_hut,
          gnoll_camp_mini_sergeant, lightli_church_of_beogh
Temple:   minmay_temple_bridge_abc

Skill      XL: |  1  2  3  4  5  6  7  8  9 |
---------------+----------------------------+-----
Stealth        | 3 4 5 7 8 |  8.2
Fighting       | 1 2 3 4 5 |  5.9
Unarmed Combat | 1 2 3 4 5 |  5.8
Dodging        | 3 4 6 7 |  7.0
Shapeshifting  | 1 2 3 4 |  4.2
Evocations     | 3 4 |  4.2
Spellcasting   | |  2.0
Conjurations   | |  1.0
Earth Magic    | |  3.0

Action                     |  1- 3 |  4- 6 |  7- 9 | 10-12 || total
---------------------------+-------+-------+-------+-------++-------
  Melee: Unarmed           |    48 |       |    54 |     8 ||   110
         Constrict         |    22 |    18 |    27 |     2 ||    69
         Tentacles         |    13 |    21 |    30 |     2 ||    66
         Punch             |     2 |       |     3 |       ||     5
         Short sword       |    17 |    98 |    78 |       ||   193
   Cast: Sandblast         |    12 |    10 |       |       ||    22
         Stone Arrow       |       |    17 |    45 |     1 ||    63
  Evoke: Wand              |       |       |     7 |       ||     7
    Use: Scroll            |       |     8 |     4 |       ||    12
         Potion            |       |     2 |     4 |       ||     6
   Stab: Sleeping          |    12 |    15 |     9 |       ||    36
         Distracted        |       |     1 |     1 |       ||     2
 Armour: Skin              |    26 |    45 |   105 |    14 ||   190
  Dodge: Dodged            |    34 |    62 |    80 |     7 ||   183

Table legend: (Time is in decaauts)
 A = Elapsed time spent in this place.
 B = Non-inter-level travel time spent in this place.
 C = Inter-level travel time spent in this place.
 D = Time resting spent in this place.
 E = Time spent auto-exploring this place.
 F = Levels seen in this place.
 G = Mean time per level.
                   A        B        C        D        E       F      G
               +--------+--------+--------+--------+--------+-----+--------+
         Total |   8240 |   7964 |    276 |     67 |   6584 |   9 |  915.6 |
       Dungeon |   8200 |   7962 |    238 |     67 |   6584 |   8 | 1025.0 |
        Temple |     40 |      2 |     38 |      0 |      0 |   1 |   40.0 |
               +--------+--------+--------+--------+--------+-----+--------+

Top non-repeatable levels by time:
     D:7: 1833 daAuts
     D:3: 1217 daAuts
     D:1: 1196 daAuts
     D:5: 1113 daAuts
     D:6: 1097 daAuts
     D:4: 875 daAuts
     D:2: 643 daAuts
     D:8: 223 daAuts
  Temple: 40 daAuts
